 Dungeon Crawl Stone Soup version 0.18.1-50-g88ac8fd (webtiles) character file.

1501 lorenzova the Ducker (level 8, -1/65 HPs)
             Began as a Merfolk Skald on Oct 18, 2016.
             Was a Follower of Yredelemnul.
             Slain by Prince Ribbit (13 damage)
             ... on level 5 of the Dungeon.
             The game lasted 00:13:26 (8857 turns).

lorenzova the Ducker (Merfolk Skald)                Turns: 8857, Time: 00:13:26

Health: -1/65      AC:  4    Str: 14    XL:     8   Next: 81%
Magic:  10/13      EV: 17    Int: 12    God:    Yredelemnul [*.....]
Gold:   374        SH:  0    Dex: 13    Spells: 2 memorised, 11 levels left

rFire  . . .     SeeInvis .     a - +0 spear
rCold  . . .     Gourm    .     b - +0 leather armour
rNeg   . . .     Faith    .     (no shield)
rPois  .         Spirit   .     (no helmet)
rElec  .         Dismiss  .     y - +0 cloak
rCorr  .         Reflect  .     (no gloves)
SustAt .         Harm     .     (no boots)
MR     .....                    (no amulet)
Stlth  +.........               (no ring)
                                z - +2 ring of evasion

@: infused (expiring), not resistant to hostile enchantments, very unstealthy
A: change form in water, swift swim
a: Animate Remains, Renounce Religion


You were on level 5 of the Dungeon.
You worshipped Yredelemnul.
Yredelemnul was aware of your devotion.
You were hungry.

You visited 1 branch of the dungeon, and saw 8 of its levels.

You collected 374 gold pieces.

Inventory:

Hand Weapons
 a - a +0 spear (weapon)
Armour
 b - a +0 leather armour (worn)
 y - a +0 cloak (worn)
Jewellery
 z - a +2 ring of evasion (left hand)
Wands
 f - a wand of disintegration (12/24)
 g - a wand of enslavement (12/24)
 r - a wand of lightning (4/15)
 v - a wand of disintegration (12/24)
Scrolls
 i - a scroll of magic mapping {unknown}
 l - 4 scrolls of amnesia {unknown}
 n - 4 scrolls of remove curse
 o - a scroll of fog {unknown}
 q - 2 scrolls of teleportation {unknown}
 s - a scroll of random uselessness {unknown}
 t - a scroll of immolation {unknown}
 u - a scroll of blinking {unknown}
 E - a scroll of enchant armour {unknown}
Potions
 e - a potion of haste
 h - a potion of curing
 j - 2 potions of heal wounds
 k - 2 potions of brilliance
 p - a potion of lignification
 w - a potion of invisibility {unknown}
 x - a potion of experience {unknown}
 B - 3 potions of flight {unknown}
Books
 c - a book of Battle

   Spells                             Type                      Level
   a - Infusion                       Charms                       1
   b - Shroud of Golubria             Charms/Translocation         2
   c - Song of Slaying                Charms                       2
   d - Spectral Weapon                Hexes/Charms                 3
   e - Regeneration                   Charms/Necromancy            3
Comestibles
 d - 4 bread rations
 A - 2 meat rations
 C - a slice of pizza


   Skills:
 + Level 6.6 Fighting
 - Level 7.0 Polearms
 - Level 0.6 Armour
 + Level 7.4 Dodging
 + Level 3.9 Spellcasting
 + Level 5.4 Charms


You had 11 spell levels left.
You knew the following spells:

 Your Spells              Type           Power        Failure   Level  Hunger
a - Infusion              Chrm           ###.         3%          1    #......
b - Song of Slaying       Chrm           ###.....     6%          2    ##.....


Dungeon Overview and Level Annotations

Branches:
Dungeon (8/15)
 Temple: D:4-7         Lair: D:8-11

Altars:
Ru
Yredelemnul

Annotations:
D:3 Sigmund
D:5 Prince Ribbit
D:8 Maurice


Message History

Prince Ribbit is lightly wounded.
Prince Ribbit hits you!!
You closely miss Prince Ribbit.
Prince Ribbit is lightly wounded.
Prince Ribbit closely misses you.
You hit Prince Ribbit.
Prince Ribbit is moderately wounded.
Prince Ribbit barely misses you.
You hit Prince Ribbit.
Prince Ribbit is heavily wounded.
Your magical infusion is running out.
Prince Ribbit closely misses you.
You barely miss Prince Ribbit.
Prince Ribbit is heavily wounded.
Prince Ribbit hits you!
* * * LOW HITPOINT WARNING * * *
You are too injured to fight recklessly!
Prince Ribbit hits you!
You die...
Your body rises from the dead as a mindless zombie.

#...............##.###.#
########.#####....[...........#
#........# #.........##.#####
#.######## #.....(...##......
#.# #.........##..##.# #.# ###
#####)รท#####..##.# #.# ##.##
#))#####..##.# #.#
##.#.#######..##.........
##.#####F###..F@.)......##..####
#.....>.## ##.#####.######.....#
#.....##.###.## #.# #.###.#
#.###.###.#..# #.# #># # #.# #.#
##.#>######.######.#
##.###.###....F)............#
#..........#######.#..### ###
#..###.######## #.#..# #..#
#........# #.#..####


You could see Prince Ribbit.

Vanquished Creatures
  A water moccasin (D:7)
  An ice beast (D:7)
  2 centaurs
  2 ogres (D:6)
  A giant frog (D:6)
  A scorpion (D:4)
  A wight (D:6)
  2 killer bees (D:7)
  3 howler monkeys
  A crimson imp (D:5)
  A giant frog zombie (D:5)
  A jelly (D:6)
  A centaur zombie (D:6)
  2 hounds
  A centaur skeleton (D:5)
  An orc priest (D:7)
  Natasha (twice) (D:3)
  An iguana (D:7)
  2 orc wizards
  3 worker ants
  6 adders
  A shadow imp (D:7)
  2 adder skeletons
  4 worms
  3 dart slugs (D:1)
  2 giant geckos
  7 orcs
  A ball python (D:2)
  4 bats
  3 bat skeletons (D:2)
  8 giant cockroaches
  10 goblins
  8 hobgoblins
  9 jackals
  10 kobolds
  3 quokkas
  7 giant newts
  A jackal zombie (D:6)
  A quokka skeleton (D:6)
  9 rats
  A spectral orc (D:2)
130 creatures vanquished.

Notes
Turn   | Place    | Note
--------------------------------------------------------------
     0 | D:1      | lorenzova the Merfolk Skald began the quest for the Orb.
     0 | D:1      | Reached XP level 1. HP: 16/16 MP: 3/3
    57 | D:1      | Reached XP level 2. HP: 1/23 MP: 0/5
   396 | D:1      | Learned a level 2 spell: Song of Slaying
   630 | D:1      | Reached XP level 3. HP: 11/28 MP: 6/6
  1645 | D:2      | Reached XP level 4. HP: 25/35 MP: 7/7
  2356 | D:2      | Found a basalt altar of Yredelemnul.
  2370 | D:2      | Became a worshipper of Yredelemnul the Dark
  2507 | D:3      | Noticed Sigmund
  2580 | D:3      | Noticed Natasha
  2593 | D:3      | Killed Natasha
  2593 | D:3      | Reached skill level 5 in Polearms
  3013 | D:2      | Reached XP level 5. HP: 38/41 MP: 8/8
  3079 | D:3      | Noticed Natasha
  3103 | D:3      | Killed Natasha
  3715 | D:4      | Reached XP level 6. HP: 29/48 MP: 2/9
  4570 | D:5      | Entered Level 5 of the Dungeon
  4975 | D:5      | Reached skill level 5 in Dodging
  4975 | D:5      | Reached XP level 7. HP: 41/55 MP: 10/10
  5042 | D:5      | Noticed Prince Ribbit
  5150 | D:5      | Reached skill level 5 in Fighting
  6588 | D:6      | Reached XP level 8. HP: 64/64 MP: 12/12
  6936 | D:6      | Reached * piety under Yredelemnul
  7382 | D:7      | Found a sacrificial altar of Ru.
  7475 | D:7      | Reached skill level 5 in Charms
  7956 | D:8      | Noticed Maurice
  8857 | D:5      | Slain by Prince Ribbit

Skill      XL: |  1  2  3  4  5  6  7  8 |
---------------+-------------------------+-----
Dodging        | 2 3 4 5 6 7 |  7.4
Polearms       | 4 5 6 7 |  7.0
Fighting       | 3 4 5 6 |  6.6
Charms         | 4 5 |  5.4
Spellcasting   | 3 |  3.9
Armour         | |  0.6

Action                   |  1- 3 |  4- 6 |  7- 9 || total
-------------------------+-------+-------+-------++-------
Melee: Spear             |   171 |   266 |   350 ||   787
 Cast: Infusion          |     2 |    10 |    15 ||    27
       Song of Slaying   |       |       |     1 ||     1
  Use: Scroll            |     2 |       |     5 ||     7
       Potion            |       |     1 |     2 ||     3
 Stab: Sleeping          |     1 |     1 |     2 ||     4
  Eat: Chunk             |     2 |     6 |     9 ||    17
       Meat ration       |       |     1 |       ||     1
       Royal jelly       |       |     1 |       ||     1
       Beef jerky        |       |       |     1 ||     1
Armor: Leather armour    |    41 |    28 |    67 ||   136
Dodge: Dodged            |    90 |   129 |   253 ||   472
